AoeStats
← Drunk Gecko

Baltic

510355391Analyzed
2v2 RM · 24h ago on Sep 30, 2026· 60m 15s· 4 players
Game mode
Random Map
Map size
Medium (4 player)
Population
200
Speed
Normal
Resources
Standard
Victory
Conquest
Starting age
Dark Age
Ending age
Imperial Age
RankedLock teamsTeams togetherTeam positionsShared explorationLock speedFull tech treeHidden civsTurbo modeCheats
Victory
Defeat
🇳🇱 Vikings · Netherlands
892
+16
🇳🇱 Italians · Netherlands
866
+17
🇧🇷 Varangians · Brazil
894
-16
🇧🇷 Cumans · Brazil
893
-17
Pruenza
10:44 Feudal Age
10:04 Loom
11:59 Double-Bit Axe
18:28 Fishing Lines
19:31 Forging
22:47 Scale Barding Armor
22:37 Gold Mining
24:33 Wheelbarrow
24:58 Wheelbarrow
28:46 Wheelbarrow
32:42 Castle Age
30:46 Horse Collar
30:59 Stone Mining
34:20 Gillnets
35:18 Iron Casting
34:52 Heavy Plow
35:29 Stone Shaft Mining
35:10 Bow Saw
39:27 Imperial Age
38:02 Hand Cart
37:55 Light Cavalry
39:28 Fletching
39:39 Padded Archer Armor
40:35 Bodkin Arrow
41:41 Blast Furnace
43:28 Elite Genoese Crossbowman
44:34 Leather Archer Armor
45:41 Bloodlines
45:47 Bloodlines
46:14 Bracer
46:44 Ring Archer Armor
57:15 Scale Mail Armor
57:36 Chain Barding Armor
58:08 Hussar
59:45 Chain Mail Armor
60:06 Plate Barding Armor
59:39 Husbandry
Drunk Gecko
11:34 Feudal Age
12:21 Fishing Lines
12:28 Double-Bit Axe
13:44 Loom
14:29 Horse Collar
19:22 Castle Age
17:19 Gold Mining
20:35 Heavy Plow
20:54 Bow Saw
20:59 Man-at-Arms
21:42 Squires
21:56 Forging
21:46 Scale Mail Armor
23:05 Stone Mining
23:53 Gold Shaft Mining
24:33 Chain Mail Armor
26:09 Iron Casting
26:13 Town Watch
28:41 Fletching
32:44 Masonry
33:49 Bodkin Arrow
33:17 Pikeman
38:08 Chieftains
40:44 Padded Archer Armor
41:07 Gillnets
41:11 Arson
44:44 Imperial Age
42:40 Leather Archer Armor
42:51 Ballistics
45:19 Town Patrol
44:47 Elite Berserk
45:53 Conscription
45:03 Elite Skirmisher
50:27 Chemistry
49:37 Siege Engineers
49:38 Bogsveigar
52:31 Onager
52:40 Onager
54:58 Blast Furnace
54:29 Plate Mail Armor
53:59 Bracer
54:30 Ring Archer Armor
59:33 Capped Ram
59:36 Elite Varangian Guard
-Tsukuyomi
9:02 Loom
10:53 Feudal Age
12:05 Man-at-Arms
14:02 Wheelbarrow
13:19 Double-Bit Axe
15:18 Fletching
21:49 Forging
21:33 Horse Collar
27:08 Padded Archer Armor
30:39 Castle Age
29:24 Bloodlines
29:19 Gold Mining
29:20 Stone Mining
32:54 Stone Shaft Mining
32:46 Gambesons
32:22 Long Swordsman
33:11 Husbandry
35:01 Scale Barding Armor
35:33 Iron Casting
35:02 Scale Mail Armor
39:28 Chain Mail Armor
40:44 Vendel Legacy
42:56 Ballistics
42:49 Masonry
43:02 Bodkin Arrow
43:23 Leather Archer Armor
43:47 Elite Skirmisher
47:39 Imperial Age
46:10 Bow Saw
49:26 Heavy Plow
50:45 Chemistry
51:16 Bracer
51:46 Ring Archer Armor
51:37 Chain Barding Armor
52:21 Blast Furnace
50:46 Elite Jarl
Smoke
10:11 Feudal Age
12:59 Loom
13:35 Double-Bit Axe
15:18 Horse Collar
18:41 Bloodlines
22:50 Castle Age
22:17 Gold Mining
22:17 Stone Mining
22:25 Stone Mining
23:31 Forging
26:46 Heavy Plow
27:02 Bow Saw
28:41 Wheelbarrow
28:28 Scale Barding Armor
29:41 Iron Casting
31:06 Chain Barding Armor
32:42 Man-at-Arms
34:15 Hand Cart
33:45 Town Watch
38:17 Imperial Age
36:32 Town Patrol
37:12 Long Swordsman
38:46 Gold Shaft Mining
38:41 Squires
39:31 Conscription
38:41 Two-Handed Swordsman
40:04 Champion
42:00 Blast Furnace
41:00 Scale Mail Armor
41:38 Plate Barding Armor
42:26 Fletching
42:36 Padded Archer Armor
42:56 Elite Kipchak
44:20 Chain Mail Armor
44:16 Thumb Ring
43:31 Elite Skirmisher
45:23 Ballistics
46:04 Chemistry
46:43 Bodkin Arrow
47:03 Leather Archer Armor
47:18 Plate Mail Armor
48:41 Elite Steppe Lancer
Connection lost

Rejoining the realm…

Still unreachable

The connection could not be restored.

Session expired

The server has moved on; the page needs a fresh start.